 Dungeon Crawl Stone Soup version 0.28.0-1-gb440e238dd (webtiles) character file.

Game seed: 12094636890158854939

182 zeram the Shield-Bearer (level 5, -1/47 HPs)
             Began as a Gnoll Fighter on Feb 26, 2022.
             Slain by zeram's ghost (6 damage)
             ... on level 3 of the Dungeon.
             The game lasted 00:03:51 (2972 turns).

zeram the Shield-Bearer (Gnoll Fighter)             Turns: 2972, Time: 00:03:51

Health: -1/47      AC: 17    Str: 24    XL:     5   Next: 61%
Magic:  7/7        EV:  7    Int:  7    God:
Gold:   182        SH:  5    Dex: 11    Spells: 7/7 levels left

rFire   . . .      SeeInvis .   i - +2 spear (vamp)
rCold   . . .      Faith    .   c - +0 buckler
rNeg    . . .      Spirit   .   o - +0 plate armour
rPois   .          Reflect  .   (no helmet)
rElec   .          Harm     .   (no cloak)
rCorr   .          Rampage  .   (no gloves)
Will    .....                   (no boots)
Stlth   ..........              (no amulet)
HPRegen 0.15/turn               g - +6 ring of strength
MPRegen 0.10/turn               (no ring)

@: on berserk cooldown, slowed, invisible, very slow
A: fangs 1, strong nose, distributed training, talons 1, iridescent scales 2
a: no special abilities


You were on level 3 of the Dungeon.
You visited 1 branch of the dungeon, and saw 3 of its levels.

You collected 182 gold pieces.

Inventory:

Hand Weapons
 a - a +0 war axe
 i - a +2 vampiric spear (weapon)
Armour
 b - a +0 scale mail
 c - a +0 buckler (worn)
 o - a +0 plate armour (worn)
Jewellery
 e - a ring of fire
 g - a +6 ring of strength (left hand)
Wands
 f - a wand of flame (5)
Potions
 d - a potion of degeneration


   Skills:
 + Level 6.7 Fighting
 + Level 1.5 Short Blades
 + Level 1.5 Long Blades
 + Level 4.8 Axes
 + Level 1.5 Maces & Flails
 + Level 1.5 Polearms
 + Level 1.5 Staves
 + Level 1.5 Slings
 + Level 1.5 Bows
 + Level 1.5 Crossbows
 + Level 1.5 Throwing
 + Level 6.7 Armour
 + Level 1.5 Dodging
 + Level 1.5 Stealth
 + Level 6.7 Shields
 + Level 1.5 Unarmed Combat
 + Level 1.5 Spellcasting
 + Level 1.2 Conjurations
 + Level 1.2 Hexes
 + Level 1.2 Summonings
 + Level 1.2 Necromancy
 + Level 1.2 Translocations
 + Level 1.2 Transmutations
 + Level 1.2 Fire Magic
 + Level 1.2 Ice Magic
 + Level 1.2 Air Magic
 + Level 1.2 Earth Magic
 + Level 1.2 Poison Magic
 + Level 1.7 Invocations
 + Level 1.5 Evocations


You had 7 spell levels left.
You didn't know any spells.
Your spell library contained the following spells:

 Spells                   Type           Power      Damage    Failure   Level
 Alistair's Intoxication  Tmut/Pois      1%         N/A       100%        5
 Borgnjor's Vile Clutch   Necr/Erth      1%         N/A       100%        5
 Eringya's Noxious Bog    Tmut/Pois      1%         N/A       100%        6


Dungeon Overview and Level Annotations

Branches:
Dungeon (3/15)

Altars:

Shops:
D:3 =

Annotations:
D:3 1 transporter, zeram's ghost, weakling GrFi


Innate Abilities, Weirdness & Mutations

You have very sharp teeth.
Your uncanny sense of smell can sniff out nearby items.
Your experience applies equally to all skills.
You have sharp toenails.
You are mostly covered in iridescent scales. (AC +4)


Message History

Zeram's ghost hits you.
The adder skeleton bites you but does no damage.
You block zeram's ghost's attack.
You barely miss zeram's ghost. Your bite misses zeram's ghost.
You block the adder skeleton's attack. Zeram's ghost hits you.
The adder skeleton closely misses you.
You hit zeram's ghost but do no damage. You block zeram's ghost's attack.
You block the adder skeleton's attack.
Zeram's ghost hits you but does no damage.
You hit zeram's ghost.
You bite zeram's ghost, but do no damage.
Zeram's ghost is lightly damaged.
The adder skeleton bites you but does no damage.
Zeram's ghost hits you but does no damage.
The adder skeleton bites you but does no damage.
You hit zeram's ghost but do no damage.
Zeram's ghost is lightly damaged.
Zeram's ghost hits you but does no damage.
You block the adder skeleton's attack.
Zeram's ghost says, "You can hit me, but you can't hurt me."
Zeram's ghost completely misses you. You block the adder skeleton's attack.
You hit zeram's ghost but do no damage.
You bite zeram's ghost, but do no damage.
Zeram's ghost is lightly damaged.
You block the adder skeleton's attack. Zeram's ghost hits you!
* * * LOW HITPOINT WARNING * * *
The adder skeleton bites you but does no damage.
Zeram's ghost hits you.
* * * LOW HITPOINT WARNING * * *
It was a potion of mutation.
You feel extremely strange.
Your toenails lengthen and sharpen.
Iridescent scales grow over part of your body.
Iridescent scales spread over more of your body.
The adder skeleton barely misses you. Zeram's ghost barely misses you.
It was a potion of invisibility.
You fade into invisibility!
The adder skeleton barely misses you. Zeram's ghost hits you.
* * * LOW HITPOINT WARNING * * *
The adder skeleton closely misses you. Zeram's ghost hits you.
You die...

# #.######.#######.## #
#.................# #
##................# #
#...#########....#
###########..##....:..##...#
..........#..#8..#.#..8#...#
........#.#..#..#...#..#...#
#######.#.#..#..Z.....$#...#
# ###.#...©#.W@.©...?#©..# #
#........#.........#..## #
#......(.#..#...#..#..# #
#........#8..#.#..8#..#
#........##©......##..#
#.........#########...#
#######...............#
##.............##
###############


You could see zeram's ghost and an adder skeleton.

Vanquished Creatures
  A gnoll sergeant (D:3)
  4 gnolls
  2 adders (D:3)
  A worm (D:3)
  A dart slug (D:1)
  An orc (D:2)
  5 ball pythons
  9 endoplasms
  2 giant cockroaches
  6 goblins
  3 hobgoblins
  6 jackals (D:3)
  3 kobolds
  2 quokkas (D:1)
  3 frilled lizards
  5 rats
54 creatures vanquished.

Notes
Turn   | Place    | Note
-------+----------+-------------------------------------------
     0 | D:1      | zeram the Gnoll Fighter began the quest for the Orb.
     0 | D:1      | Reached XP level 1. HP: 23/23 MP: 1/1
   140 | D:1      | Reached XP level 2. HP: 29/29 MP: 2/2
   266 | D:1      | Reached XP level 3. HP: 33/35 MP: 3/3
   688 | D:1      | Found a faded altar of an unknown god.
   783 | D:2      | Reached skill level 1 in Invocations
  1513 | D:3      | Reached skill level 1 in Short Blades
  1513 | D:3      | Reached skill level 1 in Long Blades
  1513 | D:3      | Reached skill level 1 in Maces & Flails
  1513 | D:3      | Reached skill level 1 in Polearms
  1513 | D:3      | Reached skill level 1 in Staves
  1513 | D:3      | Reached skill level 1 in Slings
  1513 | D:3      | Reached skill level 1 in Bows
  1513 | D:3      | Reached skill level 1 in Crossbows
  1513 | D:3      | Reached skill level 1 in Throwing
  1513 | D:3      | Reached skill level 1 in Dodging
  1513 | D:3      | Reached skill level 1 in Stealth
  1513 | D:3      | Reached skill level 1 in Unarmed Combat
  1513 | D:3      | Reached skill level 1 in Spellcasting
  1513 | D:3      | Reached skill level 1 in Evocations
  1773 | D:3      | Found a transporter.
  1773 | D:3      | Noticed zeram's ghost (weakling GrFi)
  1840 | D:3      | Reached XP level 4. HP: 41/41 MP: 5/5
  1913 | D:3      | Found Geowe's Jewellery Emporium.
  1914 | D:3      | Noticed a gnoll sergeant
  1930 | D:3      | Reached skill level 1 in Conjurations
  1930 | D:3      | Reached skill level 1 in Hexes
  1930 | D:3      | Reached skill level 1 in Summonings
  1930 | D:3      | Reached skill level 1 in Necromancy
  1930 | D:3      | Reached skill level 1 in Translocations
  1930 | D:3      | Reached skill level 1 in Transmutations
  1930 | D:3      | Reached skill level 1 in Fire Magic
  1930 | D:3      | Reached skill level 1 in Ice Magic
  1930 | D:3      | Reached skill level 1 in Air Magic
  1930 | D:3      | Reached skill level 1 in Earth Magic
  1930 | D:3      | Reached skill level 1 in Poison Magic
  2308 | D:3      | Killed a gnoll sergeant
  2309 | D:3      | Reached XP level 5. HP: 14/47 MP: 5/7
  2654 | D:3      | Found a transporter.
  2971 | D:3      | Gained mutation: You have sharp toenails. [potion of
                  | mutation]
  2971 | D:3      | Gained mutation: You are partially covered in iridescent
                  | scales. (AC +2) [potion of mutation]
  2971 | D:3      | Gained mutation: You are mostly covered in iridescent
                  | scales. (AC +4) [potion of mutation]
  2972 | D:3      | Slain by zeram's ghost

Illustrated notes

Levels and vault maps discovered:
D:1:      psy_arrival_basics, layout_loops_ring,
          hellmonk_ecumenical_altar_pennies_from_heaven
D:2:      layout_basic
D:3:      layout_basic, gammafunk_ghost_arena, serial_shops, shop

Skill      XL: |  1  2  3  4 |
---------------+-------------+-----
Invocations    | 1 |  1.7
Short Blades   | 1 |  1.5
Long Blades    | 1 |  1.5
Maces & Flails | 1 |  1.5
Polearms       | 1 |  1.5
Staves         | 1 |  1.5
Slings         | 1 |  1.5
Bows           | 1 |  1.5
Crossbows      | 1 |  1.5
Throwing       | 1 |  1.5
Dodging        | 1 |  1.5
Stealth        | 1 |  1.5
Unarmed Combat | 1 |  1.5
Spellcasting   | 1 |  1.5
Evocations     | 1 |  1.5
Conjurations   | 1 |  1.2
Hexes          | 1 |  1.2
Summonings     | 1 |  1.2
Necromancy     | 1 |  1.2
Translocations | 1 |  1.2
Transmutations | 1 |  1.2
Fire Magic     | 1 |  1.2
Ice Magic      | 1 |  1.2
Air Magic      | 1 |  1.2
Earth Magic    | 1 |  1.2
Poison Magic   | 1 |  1.2
Fighting       | |  6.7
Axes           | |  4.8
Armour         | |  6.7
Shields        | |  6.7

Action                   |  1- 3 |  4- 6 || total
-------------------------+-------+-------++-------
Melee: War axe           |    90 |    27 ||   117
       Bite              |     4 |     6 ||    10
       Spear             |       |    22 ||    22
Evoke: Wand              |       |     3 ||     3
  Use: Scroll            |     1 |     3 ||     4
       Potion            |       |     6 ||     6
Armor: Scale mail        |    20 |       ||    20
       Plate armour      |     4 |    43 ||    47
Dodge: Dodged            |    39 |    30 ||    69
Block: Buckler           |    25 |    22 ||    47
